Cogmind - Beta 14 @@@ ROGUE MODE // 2024.11.17 @ 23:29:23 Player: BEEEEES Result: Self-destructed Performance ------------- Evolutions (1) 500 Regions Visited (2) 400 Robots Destroyed (19) 95 Value Destroyed (396) 396 Prototype IDs (0) 0 Alien Tech Used (0) 0 Bonus (0) 0 TOTAL SCORE: 1391 Bonus ------- None Cogmind --------- Core Integrity 196/400 Matter 265/300 Energy 160/160 System Corruption 0% Temperature Cool (0) Movement Rolling (110) Ox2 Location -9/Materials Parts ------- > --- POWER (1) -------- Light Nuclear Core > --- PROPULSION (2) --- Wheel Wheel > --- UTILITY (4) ------ High-capacity Storage Unit Visual Processing Unit Medium Armor Plating > --- WEAPON (2) ------- (None) > --- INVENTORY (20) --- Light Nuclear Core Light Nuclear Core Light Nuclear Core Wheel Compact Wheel Compact Wheel Flight Unit Structural Scanner Signal Interpreter Improved Terrain Scanner Terrain Scan Processor Seismic Detector Grenade Launcher Mining Laser Mining Laser Peak State ------------ > --- POWER ------------ Light Nuclear Core > --- PROPULSION ------- Wheel Wheel > --- UTILITY ---------- High-capacity Storage Unit Visual Processing Unit Medium Armor Plating > --- WEAPON ----------- Small Laser > --- INVENTORY -------- Light Nuclear Core Light Nuclear Core Light Nuclear Core Wheel Compact Wheel Compact Wheel Flight Unit Structural Scanner Signal Interpreter Improved Terrain Scanner Terrain Scan Processor Seismic Detector Grenade Launcher Mining Laser Mining Laser [Rating: 13] Favorites ----------- Power Light Ion Engine Engine Light Ion Engine Power Core Light Nuclear Core Propulsion Wheel Treads Light Treads Leg Aluminum Leg Wheel Wheel Utility High-capacity Storage Unit Device Seismic Detector Storage High-capacity Storage Unit Processor Visual Processing Unit Protection Medium Armor Plating Weapon Light Assault Rifle Energy Gun Small Laser Ballistic Gun Light Assault Rifle Special Weapon Mining Laser Build | -11 -10 -9 ------- Run | Yrd Mat Mat Slots Evolved 2 | . . 2 Power . | . . . Propulsion . | . . . Utility 2 | . . 2 Weapon . | . . . Parts Attached 24 | 4 7 13 Power 3 | . 1 2 Engine 2 | . 1 1 Core 1 | . . 1 Reactor . | . . . Propulsion 10 | 2 3 5 Treads 2 | . . 2 Leg . | . . . Wheel 8 | 2 3 3 Hover . | . . . Flight . | . . . Utility 7 | 2 2 3 Device 4 | 2 1 1 Storage 1 | . 1 . Processor 1 | . . 1 Hackware . | . . . Protection 1 | . . 1 Artifact . | . . . Weapon 4 | . 1 3 Energy Gun 2 | . . 2 Energy Cannon . | . . . Ballistic Gun . | . . . Ballistic Cannon . | . . . Launcher . | . . . Special Weapon 2 | . 1 1 Impact Weapon . | . . . Slashing Weapon . | . . . Piercing Weapon . | . . . Special Melee Weapon . | . . . Unidentified Prototypes . | . . . Parts Lost 10 | . 2 8 Power 3 | . 1 2 Propulsion 3 | . 1 2 Utility . | . . . Weapon 4 | . . 4 Highest Loss Streak 6 | . 1 6 To Critical Strikes . | . . . Average Slot Usage (%) 77 | . 96 56 Engine 7 | . 13 1 Core 1 | . . 3 Treads 4 | . . 8 Wheel 17 | . 26 7 Device 8 | . 12 3 Storage 12 | . 14 11 Processor 1 | . . 2 Protection 2 | . . 4 Energy Gun 9 | . 9 9 Ballistic Gun 9 | . 14 4 Special Weapon 2 | . 4 1 Peak Build Rating 13 | 9 8 13 Average Rating 7 | 6 7 7 On Entrance 7 | 6 7 8 Naked Turns . | . . . Heaviest Build 53 | 11 46 53 Greatest Support 40 | 20 26 40 Greatest Overweight (x) 5 | 3 4 5 Average Overweight (x) 2 | . 1 3 Largest Inventory Capacity 20 | 8 20 20 Average Capacity 18 | 8 19 20 Most Carried 16 | 7 9 16 Average Carried 8 | 6 7 10 Final Capacity 20 | 8 20 20 Final Carried 15 | 7 8 15 Class Distribution -------------------- 65% | Mutant 34% | Scavenger-Mutant Dominant Class ---------------- Scavenger-Mutant | -10/Materials Mutant | -9/Materials Resources | -11 -10 -9 ----------- Run | Yrd Mat Mat Matter Collected 415 | 251 77 87 Remotely . | . . . Salvage Created 598 | 158 273 167 Parts 41 | 10 15 16 Haulers Intercepted . | . . . Recyclers Shooed . | . . . Parts Field Recycled . | . . . Retrieved Matter . | . . . Parts Self-Destructed . | . . . Prevented . | . . . Kills | -11 -10 -9 ------- Run | Yrd Mat Mat Combat Hostiles Destroyed 12 | . 4 8 Guns 9 | . 4 5 Cannons 1 | . . 1 AOE 2 | . . 2 Classes Destroyed 5 | 2 1 2 Builder 1 | . . 1 Tunneler 4 | 4 . . Recycler 2 | 1 1 . Swarmer 4 | . . 4 Grunt 8 | . 4 4 Best Kill Streak 4 | 3 3 4 Combat Bots Only 4 | . 2 4 Max Kills in Single Turn 2 | 1 1 2 Gunslinging . | . . . Exploded 1 | . . 1 Melee . | . . . Uniques/NPCs Destroyed . | . . . Combat | -11 -10 -9 -------- Run | Yrd Mat Mat Hostile Shots Fired 124 | . 25 99 Missed 31 | . 4 27 Damage Taken 1116 | . 267 849 Core 263 | . 59 204 Absorbed by Shields . | . . . Regen/Repaired (Parts) 29 | . 29 . Core Remaining (%) 88 | 100 76 . Volleys Fired 70 | 11 19 40 Largest 2 | 2 2 2 Hottest 120 | 60 100 120 Shots Fired 124 | 22 36 66 Gun 116 | 22 34 60 Cannon . | . . . Launcher . | . . . Special 8 | . 2 6 Kinetic 60 | 11 17 32 Thermal 44 | 11 19 14 Explosive . | . . . Electromagnetic 20 | . . 20 Robot Hit Streak 16 | 6 10 16 Robot Miss Streak 5 | 2 2 5 Penetration Max . | . . . Secondary Targets . | . . . Shots Hit Robots 85 | 14 24 47 Core Hits 41 | 9 15 17 Critical Kills . | . . . Critical Parts Destroyed . | . . . Critical Strikes 1 | . . 1 Corrupt 1 | . . 1 Melee Attacks . | . . . Impact . | . . . Slashing . | . . . Piercing . | . . . Sneak Attacks . | . . . Combat Hostiles . | . . . Follow-up Attacks . | . . . Damage Inflicted 971 | 143 225 603 Guns 777 | 143 225 409 Cannons . | . . . Explosions 98 | . . 98 Melee . | . . . Ramming . | . . . Kinetic 333 | 56 104 173 Thermal 477 | 87 121 269 Explosive . | . . . Electromagnetic 161 | . . 161 Impact . | . . . Slashing . | . . . Piercing . | . . . Highest Corruption . | . . . Average Corruption . | . . . Corruption Purged . | . . . Corruption Blocked . | . . . Overload Shots . | . . . Overflow Damage . | . . . Projectiles . | . . . Explosions . | . . . Melee . | . . . Knockbacks . | . . . Impact . | . . . Kinetic . | . . . Secondary . | . . . Self-Inflicted Damage 75 | . . 75 Shots 2 | . . 2 Rammed . | . . . Targets Rammed . | . . . Kicked . | . . . Crushed . | . . . Highest Temperature 103 | 40 103 71 Average Temperature 31 | 18 47 23 Received Heat Transfer 486 | . 168 318 Siege Activations . | . . . Robots Corrupted . | . . . Combat Hostiles . | . . . Parts Fried . | . . . Impact Corruptions . | . . . Robots Melted . | . . . Combat Hostiles . | . . . Parts Melted 2 | . 1 1 Heat Transferred 950 | 200 275 475 Parts Sabotaged . | . . . Parts Stolen . | . . . Parts Stripped . | . . . Power Chain Reactions 2 | . . 2 Alert | -11 -10 -9 ------- Run | Yrd Mat Mat Peak Influence 233 | 25 219 233 Initial 47 | . 16 47 Average 138 | 12 117 183 Maximum Alert Level 1 | . 1 1 Low Security (%) 58 | 100 78 29 Level 1 41 | . 21 70 Level 2 . | . . . Level 3 . | . . . Level 4 . | . . . Level 5 . | . . . High Security . | . . . Max Security . | . . . Squads Dispatched 1 | . 1 . Investigation 1 | . 1 . Extermination . | . . . Reinforcement . | . . . Assault . | . . . Garrison . | . . . Intercept . | . . . Searches Triggered . | . . . Construction Impeded . | . . . Haulers Reinforced . | . . . Active Scanning Responses . | . . . Cargo Convoy Interrupts . | . . . Stealth | -11 -10 -9 --------- Run | Yrd Mat Mat Distress Signals . | . . . Communications Jammed . | . . . Distress Signals . | . . . Times Spotted 34 | . 14 20 Peak Tracking Total 5 | . 4 5 Tactical Retreats 6 | . 3 3 Traps | -11 -10 -9 ------- Run | Yrd Mat Mat Traps Triggered . | . . . Indirectly . | . . . Trap Hack Attempts . | . . . Triggered . | . . . Disarmed . | . . . Reprogrammed . | . . . Reused . | . . . Traps Extracted . | . . . Installed . | . . . Triggered . | . . . Machines | -11 -10 -9 ---------- Run | Yrd Mat Mat Machines Disabled . | . . . Max in Single Turn . | . . . Machines Repaired . | . . . Machines Dismantled . | . . . Machines Sabotaged . | . . . Overloaded Fab Kills . | . . . Hacking | -11 -10 -9 --------- Run | Yrd Mat Mat Machines Accessed 5 | . 5 . Terminals 3 | . 3 . Fabricators . | . . . Repair Stations 1 | . 1 . Recycling Units 1 | . 1 . Scanalyzers . | . . . Garrison Access . | . . . Total Hacks 15 | . 15 . Successful 9 | . 9 . Failed 6 | . 6 . Catastrophic . | . . . Database Lockouts . | . . . Manual 9 | . 9 . Terminals 10 | . 10 . Fabricators . | . . . Repair Stations 2 | . 2 . Recycling Units 3 | . 3 . Scanalyzers . | . . . Garrison Access . | . . . Terminal Hacks 2 | . 2 . Terminal Index 1 | . 1 . Locate Traps 1 | . 1 . Fabricator Hacks . | . . . Repair Station Hacks 2 | . 2 . Scan Component 1 | . 1 . Repair 1 | . 1 . Recycling Unit Hacks 2 | . 2 . Process 1 | . 1 . Retrieve Matter 1 | . 1 . Scanalyzer . | . . . Garrison Access Hacks . | . . . Unauthorized Hacks 3 | . 3 . Terminals 3 | . 3 . Botnet 3 | . 3 . Fabricators . | . . . Repair Stations . | . . . Recycling Units . | . . . Scanalyzers . | . . . Garrison Access . | . . . Data Cores Recovered . | . . . Used . | . . . Hacking Detections 3 | . 3 . Full Trace Events 1 | . 1 . Feedback Events . | . . . Feedback Blocked . | . . . Robot Schematics Acquired . | . . . Robots Built . | . . . Authchips . | . . . Time . | . . . Total Robot Build Rating . | . . . Part Schematics Acquired . | . . . Parts Built . | . . . Authchips . | . . . Time . | . . . Total Part Build Rating . | . . . Parts Repaired 1 | . 1 . Time 13 | . 13 . Parts Recycled . | . . . Recycled Matter . | . . . Retrieved Matter . | . . . Retrieved Components . | . . . Parts Scanalyzed . | . . . Part Schematics Acquired . | . . . Parts Damaged . | . . . Bothacking | -11 -10 -9 ------------ Run | Yrd Mat Mat Used RIF Installer . | . . . Robots Hacked . | . . . Non-combat . | . . . Combat . | . . . Robot Hacks Applied . | . . . Relay Couplers Released . | . . . Fabnet Peak Effective % . | . . . Robots Rewired . | . . . Allies Hacked . | . . . Hacks Repelled . | . . . Allies | -11 -10 -9 -------- Run | Yrd Mat Mat Total Allies . | . . . Largest Group . | . . . Highest-Rated Group . | . . . Highest-Rated Ally . | . . . Total Orders . | . . . Ally Attacks . | . . . Total Damage . | . . . Kills . | . . . Allies Corrupted . | . . . Allies Melted . | . . . Intel | -11 -10 -9 ------- Run | Yrd Mat Mat Robot Analysis Total . | . . . Derelict Logs Recovered . | . . . Drone Launches . | . . . Drone Recoveries . | . . . Exploration | -11 -10 -9 ------------- Run | Yrd Mat Mat Turns Passed 1015 | 86 473 456 Spaces Moved 565 | 51 318 196 Core 1 | 1 . . Treads 24 | . . 24 Legs 9 | 9 . . Wheels 531 | 41 318 172 Hover . | . . . Flight . | . . . Fastest Speed 80 | 80 80 105 Average Speed 121 | 89 107 154 Slowest Speed 240 | 200 140 240 Overloaded Moves . | . . . Propulsion Burnouts . | . . . Robots Hopped . | . . . Cave-ins Triggered . | . . . Exploration Rate (%) 21 | 3 42 19 Regions Visited 2 Branch Regions . Pre-discovered Areas . | . . . Known Exits Taken . | . . . Unknown Exits Taken 2 | 1 1 . Scrap Searched . | . . . Spaces Dug 2 | . 2 . Terrain Destroyed 11 | . 2 9 Melee . | . . . Projectile 3 | . 2 1 AOE 8 | . . 8 Terrain Rammed . | . . . Walls Destroyed . | . . . Machines Disabled . | . . . Actions | -11 -10 -9 --------- Run | Yrd Mat Mat Total 757 | 70 412 275 Wait 78 | . 65 13 Move 563 | 50 317 196 Hop . | . . . Pick Up 12 | 2 1 9 Fast Attach 13 | 3 3 7 Attach 5 | . 2 3 Detach 3 | . 1 2 Swap 6 | 1 2 3 Drop 7 | 3 2 2 Fire 70 | 11 19 40 Melee . | . . . Ram . | . . . Kick . | . . . Crush . | . . . Escape Stasis . | . . . Rewire . | . . . Trap . | . . . Miscellaneous . | . . . Route ------- -11/Scrapyard -10/Materials -9/Materials History --------- Turn | Location | Event 1 | -11/Scrapyard | Discovered new exit (range 3) 87 | -11/Scrapyard | Entered Materials 240 | -10/Materials | Repaired Wheel 540 | -10/Materials | Discovered new exit (range 16) 560 | -10/Materials | Entered another Materials area 560 | -9/Materials | Evolved 2 slots: Utility x2 763 | -9/Materials | Core integrity fell below 50% 785 | -9/Materials | Lost 6 parts (1p2n3w) 870 | -9/Materials | Build established: Mutant 1016 | -9/Materials | Self-destructed Last Messages --------------- 00777_ Dropped Wheel. 00778_ U-05 Engineer lays Concrete. 00780_ Acquired Signal Interpreter. 00780_ U-05 Engineer lays Concrete. 00781_ U-05 Engineer builds a Wall. 00781_ U-05 Engineer lays Concrete. 00783_ Acquired Terrain Scan Processor. 00784_ U-05 Engineer lays Concrete. 00786_ U-05 Engineer builds a Wall. 00793_ U-05 Engineer lays Concrete. 00805_ Acquired 14 matter. 00822_ K-01 Serf cleans the Neutrino Reactor. 00830_ K-01 Serf collects debris. 00830_ Acquired Med. Armor Plating. 00840_ K-01 Serf collects debris. 00861_ Acquired Mining Laser. 00878_ Acquired Lgt. Nuclear Core. 00918_ Acquired Visual Processing Unit. 00937_ Acquired Flight Unit. 01009_ Sml. Laser destroyed. Map ----- +----------------------------------------------------+ | ?????????????????????????????????????????????????? | | ?????????????????????????????????????????????????? | | ?????????????????????????????????????????????????? | | ?????????????????????????????????????????????????? | | ?????????????????????????????????????????????????? | | ?????????????????????????????????????????????????? | | ?????????????????????????????????????????????????? | | ?????????????????????????????????????????????????? | | ?????????????????????????????????????????????????? | | ?????????????????????????????????????????????????? | | ?????????????????????????????????????????????????? | | ?????????????????????????????????????????????????? | | ?????????????????????????????????????????????????? | | ?????????????????????????????????????????????????? | | ?????????????????????????????????????????????????? | | ?????????????????????????????????????????????????? | | ?????????????????????????????????????????????????? | | ?????????????????????????????????????????????????? | | ?????????????##############??????????????????????? | | ?????????????# #?????????? #??????????? | | ??????????????# !!! #???????? #??????????? | | ??????????????# !/ #?????? +??????????? | | ??????????????# !Y """ #???? kg #??????????? | | ??????????????# """ #?? ????????????? | | ??????????????# """ # "T" ????????????? | | ????????#?????# @/ """ g ????????????? | | ???????## ???########+#### g #??????????? | | ???????# ! ####### #??? #??????????? | | ?????? ! #?????#### #??????????? | | ???????? T #????????# #??????????? | | ???????# #????????# #??????????? | | ???????# ####### #????????# #??????????? | | ???????## ?????????## ##????????# ########???? | | ????????????????????# #?????????+ #???? | | ????????????????????# #?????????# #???? | | ????????????????????# #?????????# #???? | | ????????????????????# #?????????# #???? | | ????????????????????# #?????????# #???? | | ???????????????????## ##????????# """ #???? | | ???????????????????# ########## """ #???? | | ???????????????????#= """ #???? | | ???????????????????# """ #???? | | ???????????????????# #???# | | ???????????????????# ########## #???# | | ???????????????????#######???############# #???# | | ?????????????????????????????# # #???# | | ?????????????????????????????# """ # ##### | | ?????????????????????????????# """"" # | | ?????????????????????????????# """"" + | | ?????????????????????????????# """"" # | +----------------------------------------------------+ Best States ------------- Heat Dissipation 28 Energy Generation 14 Energy Capacity 160 Matter Stores 300 Matter Capacity 300 Sight Range 18 Terrain Scan Range 16 Terrain Scan Density 10 Armor Coverage 225 Evasion (%) 45 Recoil Reduction 2 Item Schematics ----------------- None Robot Schematics ------------------ None Fabricated ------------ Nothing Alien Tech Used ----------------- None Achievements -------------- None Challenges ------------ None Game ------ Seed BurstCombatRefractor Manual? 0 Play Time 00:16:10 Cumulative 22.5 hours Start 2024.11.17 @ 23:13:23 End 2024.11.17 @ 23:29:23 Sessions 1 Manual Loads 0 Difficulty Rogue Special Mode None Game No. 45 Rogue 42 Adventurer 3 Explorer 0 Win Type - Total 0 Types 0/0/0/0/0/0/0/0/0 Lore% 5 Gallery% 20 Achievement% 17 Wizard Run 0 Options --------- Layout 1 ASCII 0 Keyboard 0 Movement Mouse Keybinds 0 Fullscreen 2 Font 48/Terminus Map View 50x35 Zoom Use 0% Tactical HUD 1 Map Filters NONE Filters NONE Steam X RUN: 9feb0633-4d7a-49f6-8a84-84641142b0ef